 Dungeon Crawl Stone Soup version 0.21.1 (webtiles) character file.

419 RUZZLEFAZAZZLE the Skirmisher (level 6, 0/58 HPs)
             Began as a Hill Orc Fighter on Feb 4, 2018.
             Slain by a gnoll
             ... wielding a +0 flail
              (11 damage)
             ... on level 4 of the Dungeon.
             The game lasted 00:08:59 (3038 turns).

RUZZLEFAZAZZLE the Skirmisher (Hill Orc Fighter)    Turns: 3038, Time: 00:09:00

Health: 0/58       AC:  6    Str: 20    XL:     6   Next: 93%
Magic:  6/6        EV:  7    Int:  8    God:
Gold:   136        SH:  9    Dex: 11    Spells: 5/5 levels left

rFire    . . .     SeeInvis .   a - +0 war axe
rCold    . . .     Gourm    .   c - +0 shield
rNeg     . . .     Faith    .   b - +0 scale mail
rPois    +         Spirit   .   (no helmet)
rElec    .         Reflect  .   (no cloak)
rCorr    .         Harm     .   (no gloves)
MR       .....                  (no boots)
Stlth    ..........             (no amulet)
HPRegen  0.19/turn              (no ring)
MPRegen  0.10/turn              (no ring)

@: no status effects
A: poison resistance
a: no special abilities


You were on level 4 of the Dungeon.
You were not hungry.

You visited 1 branch of the dungeon, and saw 4 of its levels.

You collected 136 gold pieces.

Inventory:

Hand Weapons
 a - a +0 war axe (weapon)
Armour
 b - a +0 scale mail (worn)
 c - a +0 shield (worn)
Jewellery
 h - a cursed ring of teleportation {unknown}
 l - an uncursed amulet of magic regeneration {unknown}
Scrolls
 d - 2 scrolls of identify
 e - 2 scrolls of remove curse
 i - 2 scrolls of blinking {unknown}
 j - a scroll of immolation
 k - a scroll of amnesia {unknown}
 o - a scroll of magic mapping {unknown}
Comestibles
 f - 5 rations


   Skills:
 + Level 6.9 Fighting
 + Level 6.9 Axes
 - Level 3.2 Armour
 - Level 3.2 Shields


You had 5 spell levels left.
You didn't know any spells.

Dungeon Overview and Level Annotations

Branches:
Dungeon (4/15)
 Temple: D:4-7

Altars:
Elyvilon
Makhleb
Sif Muna
Vehumet
Xom


Innate Abilities, Weirdness & Mutations

Your system is resistant to poisons. (rPois)


Message History

a flail; a gnoll corpse You closely miss the gnoll.
The gnoll is moderately wounded.
The gnoll hits you with a flail! x2
You barely miss the gnoll.
The gnoll is moderately wounded.
You closely miss the gnoll. The gnoll hits you with a flail.
You block the gnoll's attack.
You closely miss the gnoll.
The gnoll is moderately wounded.
You hit the gnoll. The gnoll hits you but does no damage.
The gnoll barely misses you.
You slash the gnoll!
The gnoll is almost dead.
You closely miss the gnoll. The gnoll hits you with a flail!
* * * LOW HITPOINT WARNING * * *
You closely miss the gnoll.
The gnoll is almost dead.
You completely miss the gnoll. The gnoll hits you with a flail!
You die...

#................#
#....########+####
#....#......
#....#.....
#....##...#
#.....#...##
#.....#....#
#.....#....#
#.....#@g#
#.....##g#
#.....#..+
#.....'..# .
##.....####....
................
................
................
................


You could see 2 gnolls.

Vanquished Creatures
  The ghost of tehanu the Covered, an amateur GrFi (D:4)
  The ghost of hell0 the Grave Robber, an amateur DDNe of Makhleb (D:3)
  A howler monkey (D:4)
  A centaur skeleton (D:3)
  2 gnolls
  7 adders
  A worm (D:2)
  A dart slug (D:3)
  4 leopard geckos
  An orc (D:3)
  5 giant cockroaches
  8 goblins
  6 hobgoblins
  4 jackals (D:1)
  7 kobolds
  11 bats
  3 frilled lizards
  7 rats
71 creatures vanquished.

Notes
Turn   | Place    | Note
-------+----------+-------------------------------------------
     0 | D:1      | RUZZLEFAZAZZLE the Hill Orc Fighter began the quest for the Orb.
     0 | D:1      | Reached XP level 1. HP: 19/19 MP: 1/1
   205 | D:1      | Reached XP level 2. HP: 27/27 MP: 2/2
   845 | D:2      | Reached XP level 3. HP: 34/34 MP: 3/3
   858 | D:2      | Found a white marble altar of Elyvilon.
   902 | D:2      | Found a deep blue altar of Sif Muna.
   972 | D:2      | Reached XP level 4. HP: 26/41 MP: 4/4
  1214 | D:2      | Found a burning altar of Makhleb.
  1226 | D:2      | Reached skill level 5 in Fighting
  1709 | D:2      | Reached skill level 5 in Axes
  1714 | D:2      | Reached XP level 5. HP: 45/48 MP: 5/5
  1849 | D:2      | Gained mutation: Your system is resistant to poisons. (rPois) [potion of mutation]
  1849 | D:2      | Gained mutation: Scrolls take you a little longer to read. [potion of mutation]
  1849 | D:2      | Lost mutation: Scrolls take you a little longer to read. [potion of mutation]
  2188 | D:3      | Found a radiant altar of Vehumet.
  2252 | D:3      | Noticed hell0's ghost (amateur DDNe)
  2270 | D:3      | Killed hell0's ghost
  2270 | D:3      | Reached XP level 6. HP: 11/57 MP: 6/6
  2628 | D:3      | Found a shimmering altar of Xom.
  2756 | D:4      | Noticed tehanu's ghost (amateur GrFi)
  2774 | D:4      | Killed tehanu's ghost
  3038 | D:4      | Slain by a gnoll

Skill      XL: |  1  2  3  4  5 |
---------------+----------------+-----
Axes           | 3 4 5 6 |  6.9
Fighting       | 4 5 6 |  6.9
Armour         | |  3.2
Shields        | |  3.2

Action                   |  1- 3 |  4- 6 || total
-------------------------+-------+-------++-------
Melee: War axe           |    99 |   154 ||   253
  Use: Potion            |       |    10 ||    10
       Scroll            |       |     3 ||     3
  Eat: Chunk             |       |     7 ||     7
Armor: Scale mail        |    64 |    50 ||   114
Dodge: Dodged            |    37 |    54 ||    91
Block: Shield            |    60 |    76 ||   136
